 Dungeon Crawl Stone Soup version 0.30-a0-210-g01b79a254e (webtiles) character file.

Game seed: 1438146807509053066

62 Sobieck the Sneak (level 4, 0/26 HPs)
             Began as a Kobold Earth Elementalist on Oct 4, 2022.
             Succumbed to a scorpion's poison
             ... on level 3 of the Dungeon.
             The game lasted 00:05:22 (2744 turns).

Sobieck the Sneak (Kobold Earth Elementalist)       Turns: 2744, Time: 00:05:23

Health: 0/26       AC:  3    Str:  5    XL:     4   Next: 28%
Magic:  6/7        EV: 15    Int: 16    God:
Gold:   56         SH:  0    Dex: 17    Spells: 1/7 levels left

rFire   . . .      SeeInvis .    h - +0 dagger {short}
rCold   . . .      Faith    .    (no shield)
rNeg    . . .      Spirit   .    a - +0 robe
rPois   .          Reflect  .    (no helmet)
rElec   .          Harm     .    (no cloak)
rCorr   .          Rampage  .    (no gloves)
Will    .....                    D - +0 pair of boots
Stlth   ++........               (no amulet)
HPRegen 0.24/turn                (no ring)
MPRegen 0.10/turn                (no ring)

@: confused, lethally poisoned (0 -> -22), ambrosia-drunk, very slightly
contaminated, invisible
A: small, no large weapons, nightstalker 3
a: no special abilities


You were on level 3 of the Dungeon.
You visited 1 branch of the dungeon, and saw 3 of its levels.

You collected 56 gold pieces.


Innate Abilities, Weirdness & Mutations

You are small and have problems with some larger weapons.
You are completely attuned to the shadows.


   Skills:
 - Level 2.0 Fighting
 - Level 2.0 Short Blades
 - Level 2.4 Dodging
 + Level 4.6 Stealth
 - Level 2.1 Spellcasting
 - Level 1.0 Transmutations
 - Level 3.0 Earth Magic


You had one spell level left.
You knew the following spells:

 Your Spells              Type           Power      Damage    Failure   Level
a - Sandblast             Erth           22%        2d7       6%          1
b - Passwall              Tmut/Erth      6%         N/A       14%         2
c - Stone Arrow           Conj/Erth      12%        3d7       32%         3

Your spell library contained the following spells:

 Spells                   Type           Power      Damage    Failure   Level
 Ensorcelled Hibernation  Hex/Ice        2%         N/A       30%         2
 Hailstorm                Conj/Ice       1%         3d3       52%         3
 Swiftness                Air            1%         N/A       52%         3
 Tukima's Dance           Hex            1%         N/A       52%         3
 Petrify                  Tmut/Erth      8%         N/A       65%         4
 Ice Form                 Ice/Tmut       3%         N/A       86%         4
 Passage of Golubria      Tloc           1%         N/A       90%         4
 Yara's Violent Unravell  Hex/Tmut       1%         3d3       99%         5
 Simulacrum               Ice/Necr       0%         N/A       100%        6

Inventory:

Hand Weapons
 f - a +0 hand axe {axe}
   (You found it on level 1 of the Dungeon)
 h - a +0 dagger (weapon) {short}
   (You took it off a kobold on level 1 of the Dungeon)
 w - a +0 short sword {short}
   (You took it off an orc on level 1 of the Dungeon)
 x - a +1 flail of protection {mace}
   (You took it off an orc on level 2 of the Dungeon)
Missiles
 j - 24 stones {throwing}
 q - 3 poisoned darts {throwing}
 A - 4 silver boomerangs {throwing}
Armour
 a - a +0 robe (worn)
 c - a +0 leather armour
   (You found it on level 1 of the Dungeon)
 r - a +0 leather armour
   (You found it on level 1 of the Dungeon)
 v - a +0 scale mail
   (You took it off an orc on level 1 of the Dungeon)
 D - a +0 pair of boots (worn)
   (You found it on level 2 of the Dungeon)
 E - a +0 ring mail
   (You found it on level 3 of the Dungeon)
 F - a +0 leather armour
   (You took it off an orc on level 2 of the Dungeon)
Jewellery
 o - an amulet of faith {!P}
   (You found it on level 1 of the Dungeon)
Scrolls
 d - a scroll of poison {unknown}
 i - 2 scrolls of immolation {unknown}
 k - 4 scrolls of teleportation {unknown}
 l - 3 scrolls of vulnerability {unknown}
 p - a scroll of acquirement {unknown}
 s - a scroll of enchant armour {unknown}
 t - a scroll of brand weapon {unknown}
 y - a scroll of amnesia {unknown}
 z - 2 scrolls of enchant weapon {unknown}
 C - a scroll of fear {unknown}
 G - a scroll of identify {unknown}
Potions
 b - a potion of magic
 m - a potion of berserk rage {unknown}
 n - a potion of heal wounds {unknown}
 u - a potion of flight {unknown}
 B - a potion of lignification {unknown}

Dungeon Overview and Level Annotations

Branches:
Dungeon (3/15) Zot: 15220

Altars:

Shops:
D:2

[ #### #..#>.#
#############..#..#
...............#..#
##############.#s.#
...............#@.#
########..........#
.... #.#.....#.##
#### #.#..<#.#.#
#.#####.#.#
#.......#.#
#########.#


You could see a scorpion (unable to see you).


Message History

Your magical contamination has completely faded away.
The orc attacks as you move away! The orc misses you.
The orc attacks as you move away! The orc misses you.
The orc attacks as you move away! The orc barely misses you.
The orc attacks as you move away! The orc misses you.
The orc attacks as you move away! The orc barely misses you.
The orc attacks as you move away! The orc closely misses you.
The orc attacks as you move away! The orc hits you with a +0 hand axe.
The orc attacks as you move away! The orc misses you.
The orc attacks as you move away! The orc closely misses you.
The orc attacks as you move away! The orc hits you but does no damage.
The orc attacks as you move away! The orc hits you with a +0 hand axe.
You hear some strange, mumbled words.
You are confused.
There is a stone staircase leading up here.
Unknown command.
The orc misses you.
You climb upwards.
Reactivating autopickup.
There is a stone staircase leading down here.
Unknown command.
Unknown command.
Unknown command.
Okay, then.
Unknown command.
You hit the orc but do no damage. You hit the orc. The orc barely misses you.
Unknown command.
You bump into the rock wall.
The orc misses you.
You feel less confused.
Unknown command.
You hit the orc but do no damage. The orc closely misses you.
Unknown command.
You closely miss the orc. The orc completely misses you.
You hit the orc but do no damage. The orc completely misses you.
Unknown command.
You closely miss the orc. The orc hits you with a +0 hand axe.
You hit the orc.
You kill the orc!
Unknown command.
F - a +0 leather armour
Things that are here:
a +0 hand axe {axe}; an orc corpse
There is a stone staircase leading down here.
You start resting.
There is a stone staircase leading down here.
You climb downwards.
There is a stone staircase leading up here.
Unknown command.
Unknown command.
Unknown command.
Unknown command.
Okay, then.
Unknown command.
Unknown command.
Unknown command.
Unknown command.
Unknown command.
You now have 56 gold pieces (gained 9).
G - a scroll labelled TUCEAL ZADURO Unknown command.
A scorpion comes into view.
Found a stone staircase leading down.
Danger!
The blast of sand hits the scorpion.
Unknown command.
You miscast Sandblast.
You are very lightly contaminated with residual magic.
Nothing appears to happen.
The scorpion stings you.
You are poisoned.
The scorpion poisons you!
The blast of sand hits the scorpion.
You feel very sick. The scorpion closely misses you. The scorpion stings you.
You are lethally poisoned!
The scorpion poisons you!
Unknown command.
Casting: Sandblast (safe; 6% risk of failure)
Confirm with . or Enter, or press ? or * to list all spells.
Aiming: Sandblast (safe; 6% risk of failure)
Press: ? - help, Shift-Dir - straight line, f/p - scorpion
Aim: a scorpion (lightly wounded, 82% to hit)
The blast of sand hits the scorpion but does no damage.
* * * LOW HITPOINT WARNING * * *
You feel very sick. The scorpion stings you.
* * * LOW HITPOINT WARNING * * *
You are more poisoned.
The scorpion poisons you! The scorpion misses you.
Unknown command.
It was a potion of invisibility.
You fade into invisibility!
* * * LOW HITPOINT WARNING * * *
You feel very sick. The scorpion closely misses you.
Unknown command.
It was a potion of ambrosia.
You are confused.
You feel invigorated.
You die...

Skill      XL: |  1  2  3 |
---------------+----------+-----
Fighting       | 1 2 |  2.0
Short Blades   | 1 2 |  2.0
Stealth        | 4 |  4.6
Dodging        | |  2.4
Spellcasting   | |  2.1
Transmutations | |  1.0
Earth Magic    | |  3.0

Action                   |  1- 3 |  4- 6 || total
-------------------------+-------+-------++-------
Melee: Unarmed           |     5 |       ||     5
       Dagger            |     7 |     8 ||    15
 Cast: Sandblast         |    49 |    16 ||    65
  Use: Potion            |       |     2 ||     2
 Stab: Sleeping          |       |     1 ||     1
Armor: Robe              |     2 |     1 ||     3
Dodge: Dodged            |    18 |    26 ||    44

Levels and vault maps discovered:
D:1:      amcnicky_arrival_underground_garden, layout_loops_corners,
          minmay_vboxes
D:2:      layout_loops_ring, shapermc_ecumenical_altar_gd, serial_shops,
          nicolae_diamond_shop, serial_rivers, chequers_serial_rivers_small_b,
          chequers_serial_rivers_room_b, chequers_serial_rivers_room_b,
          chequers_serial_rivers_micro_b, minmay_distorted
D:3:      kb_forest_paths, layout_basic, nemelex_xobeh_ov_fountains_minmay

Notes
Turn   | Place    | Note
-------+----------+-------------------------------------------
     0 | D:1      | Sobieck the Kobold Earth Elementalist began the quest for
                  | the Orb.
     0 | D:1      | Reached XP level 1. HP: 10/10 MP: 3/3
   139 | D:1      | Reached skill level 1 in Fighting
   241 | D:1      | Reached XP level 2. HP: 16/16 MP: 0/5
   318 | D:1      | Learned a level 2 spell: Passwall
   351 | D:1      | Reached skill level 2 in Fighting
   664 | D:1      | Reached skill level 1 in Short Blades
   876 | D:1      | Reached XP level 3. HP: 21/21 MP: 4/6
   901 | D:1      | Reached skill level 2 in Short Blades
   905 | D:1      | Learned a level 3 spell: Stone Arrow
  1100 | D:1      | Reached skill level 3 in Stealth
  1774 | D:2      | Found Inoudgh's Antique Armour Boutique.
  1814 | D:2      | Reached skill level 4 in Stealth
  1816 | D:2      | Reached XP level 4. HP: 26/26 MP: 1/7
  1978 | D:2      | You pick up a book of the Tundra and begin reading...
  1978 | D:2      | You add the spells Hailstorm, Ice Form and Simulacrum to
                  | your library.
  2192 | D:2      | You add the spells Tukima's Dance, Passage of Golubria and
                  | Yara's Violent Unravelling to your library.
  2271 | D:2      | You pick up a book of Burglary and begin reading...
  2271 | D:2      | You add the spells Ensorcelled Hibernation and Swiftness to
                  | your library.
  2373 | D:2      | Found a faded altar of an unknown god.
  2738 | D:3      | Noticed a scorpion
  2742 | D:3      | HP: 6/26 [scorpion (3)]
  2743 | D:3      | HP: 1/26 [poisoned by a scorpion]
  2744 | D:3      | Succumbed to a scorpion's poison

Vanquished Creatures
  2 worms
  A dart slug (D:1)
  7 orcs
  6 bats
  An endoplasm (D:1)
  A giant cockroach (D:2)
  3 goblins
  6 hobgoblins
  A quokka (D:2)
  5 ball pythons (D:1)
  2 frilled lizards (D:1)
  7 kobolds
  3 rats (D:1)
45 creatures vanquished.

Table legend:
 A = Non-vault XP
 B = Vault XP
 C = Vault XP percentage of total XP
 D = Non-vault monster count
 E = Vault monster count
 F = Vault count percentage of total count
                 A         B        C        D         E       F
            +---------+---------+-------+---------+---------+-------
      Total |      74 |      15 |  16.9 |      35 |      10 |  22.2
            +---------+---------+-------+---------+---------+-------
        D:1 |      35 |       9 |  20.5 |      20 |       6 |  23.1
        D:2 |      31 |       6 |  16.2 |      13 |       4 |  23.5
        D:3 |       8 |       0 |   0.0 |       2 |       0 |   0.0
            +---------+---------+-------+---------+---------+-------

Illustrated notes

Table legend:
 A = Kills in this place as a percentage of kills in entire the game.
 B = Kills by you in this place as a percentage of kills by you in the entire game.
 C = Kills by friends in this place as a percentage of kills by friends in the entire game.
 D = Other kills in this place as a percentage of other kills in the entire game.
 E = Experience gained in this place as a percentage of experience gained in the entire game.
 F = Experience gained in this place divided by the number of levels of this place that you have seen.
                   A       B       C       D       E      F
               +-------+-------+-------+-------+-------+----------------------
         Total | 100.0 | 100.0 |   N/A |   N/A | 100.0 |  29.7
       Dungeon | 100.0 | 100.0 |   N/A |   N/A | 100.0 |  29.7
               +-------+-------+-------+-------+-------+----------------------

Table legend: (Time is in decaauts)
 A = Elapsed time spent in this place.
 B = Non-inter-level travel time spent in this place.
 C = Inter-level travel time spent in this place.
 D = Time resting spent in this place.
 E = Time spent auto-exploring this place.
 F = Levels seen in this place.
 G = Mean time per level.
                   A        B        C        D        E       F      G
               +--------+--------+--------+--------+--------+-----+--------+
         Total |   2779 |   2668 |    111 |    179 |   2163 |   3 |  926.3 |
       Dungeon |   2779 |   2668 |    111 |    179 |   2163 |   3 |  926.3 |
               +--------+--------+--------+--------+--------+-----+--------+

Top non-repeatable levels by time:
     D:1: 1470 daAuts
     D:2: 1094 daAuts
     D:3: 215 daAuts
